 Dungeon Crawl Stone Soup version 0.16.1-30-g34a7ffa (webtiles) character file.

85 EmilioHeskey the Covered (level 4, 0/29 HPs)
             Began as a Gargoyle Fighter on June 14, 2015.
             Killed by divine providence
             ... invoked by an orc priest
              (12 damage)
             ... on level 3 of the Dungeon.
             The game lasted 00:05:38 (1692 turns).

EmilioHeskey the Covered (Gargoyle Fighter)         Turns: 1692, Time: 00:05:38

Health: 0/29       AC: 11    Str: 20    XL:     4   Next: 48%
Magic:  4/4        EV:  7    Int:  8    God:
Gold:   88         SH:  9    Dex: 10    Spells: 0 memorised, 3 levels left

rFire  . . .     SeeInvis .     a - +0 flail
rCold  . . .     Clarity  .     b - +0 scale mail
rNeg   + . .     SustAb   .     c - +0 shield
rPois  ∞         Gourm    .     (no helmet)
rElec  +         Spirit   .     t - +0 cloak
rCorr  .         Warding  .     (no gloves)
rMut   .         Stasis   .     (no boots)
MR     .....                    (no amulet)
Stlth  ..........               (no ring)
                                (no ring)

@: not resistant to hostile enchantments, extremely unstealthy
A: negative energy resistance 1, electricity resistance, unbreathing,
petrification resistance, rot immunity, AC +3
a: no special abilities


You were on level 3 of the Dungeon.
You were not hungry.

You visited 1 branch of the dungeon, and saw 3 of its levels.

You collected 88 gold pieces.

Inventory:

Hand weapons
 a - a +0 flail (weapon)
Armour
 b - a +0 scale mail (worn)
 c - a +0 shield (worn)
 t - a +0 cloak (worn)
Scrolls
 f - 2 scrolls of enchant armour {unknown}
 g - a scroll of noise {unknown}
 h - 2 scrolls of identify {unknown}
 k - a scroll of magic mapping {unknown}
 l - 2 scrolls of remove curse {unknown}
 o - a scroll of immolation {unknown}
 r - a scroll of random uselessness {unknown}
Potions
 e - 3 potions of might
 i - a potion of curing {unknown}
 j - a potion of restore abilities {unknown}
 n - 2 potions of lignification {unknown}
 q - 2 potions of agility {unknown}
Books
 m - a book of the Dragon

   Spells                             Type                      Level
   a - Flight                         Charms/Air                   3
   b - Cause Fear                     Hexes                        4
   c - Bolt of Fire                   Conjuration/Fire             6
   d - Dragon Form                    Transmutation                7
   e - Dragon's Call                  Summoning                    9
Comestibles
 d - 3 bread rations
 p - a beef jerky


   Skills:
 + Level 4.0 Fighting
 + Level 2.7 Maces & Flails
 + Level 4.2 Armour
 + Level 3.7 Shields


You had 3 spell levels left.
You didn't know any spells.

Dungeon Overview and Level Annotations

Branches:
Dungeon (3/15)

Altars:
Nemelex Xobeh


Innate Abilities, Weirdness & Mutations

You are resistant to torment.
You are immune to poison.
Your stone body is very resilient (AC +3).
You resist negative energy.
You are resistant to electric shocks.
You can survive without breathing.
You are immune to petrification.
You are immune to rotting.


Message History

As you open the gate, it creaks loudly!
Found a sparkling altar of Nemelex Xobeh.
There is an open gate here.
There is a fountain of sparkling water here.
Found an adder corpse.
All of the chunks of flesh in your inventory have rotted away.
You open the gate.
There is an open gate here.
Key pressed, stopping explore.
Things that are here:
a dagger; 3 stones The orc priest shouts!
The orc priest shouts!
The orc priest calls down the wrath of Beogh upon you.
Pain shoots through your body!
The orc priest invokes the aid of Beogh against you.
Something smites you!
The orc priest invokes the aid of Beogh against you.
Something smites you!
You die...

#........## #.##..#.#
###.#...#######.##....##...
##.#.####.................<
#....####.####o..#o####...
##..###....###..##..........
#..###..##......#...#######
#...#..###.........##
#...).## #......#o.# #....##
#......@.##
#...######........#
#.#....>.#........#
#.######...(......#### ###
#####)..........# #
#...........##...... #
###..).......## ...### #
#......<.##### #[..
####........# ###


You could see 3 orc priests.

Vanquished Creatures
  Jessica (D:3)
  2 worms
  A giant gecko (D:1)
  2 oozes
  An orc (D:2)
  7 bats
  7 goblins
  4 hobgoblins
  8 jackals
  8 kobolds
  A quokka (D:3)
  A giant newt (D:1)
  6 rats
49 creatures vanquished.

Vanquished Creatures (others)
  An adder (D:3)
  A rat (D:3)
2 creatures vanquished.

Grand Total: 51 creatures vanquished

Notes
Turn   | Place    | Note
--------------------------------------------------------------
     0 | D:1      | EmilioHeskey, the Gargoyle Fighter, began the quest for the Orb.
     0 | D:1      | Reached XP level 1. HP: 14/14 MP: 1/1
   120 | D:1      | Reached XP level 2. HP: 19/19 MP: 2/2
   409 | D:1      | Reached XP level 3. HP: 8/24 MP: 3/3
  1241 | D:3      | Reached skill level 4 in Armour
  1364 | D:3      | Reached XP level 4. HP: 21/29 MP: 4/4
  1421 | D:3      | Noticed Jessica
  1430 | D:3      | Killed Jessica
  1649 | D:3      | Found a sparkling altar of Nemelex Xobeh.
  1692 | D:3      | Killed from afar by an orc priest

Action                   |  1- 3 |  4- 6 || total
-------------------------+-------+-------++-------
Melee: Flail             |   168 |    27 ||   195
  Eat: Chunk             |     1 |     2 ||     3
